TOP OF THE 1ST |
Anderson Rebels batting - Pitching for Spartanburg Spartans : LHP Michael Bungarz
|
Pitching: LHP Michael Bungarz
|
|
Batting: RHB Henry Cotto
|
0-0: Swinging Strike 0-1: Ball 1-1: Ball 2-1: SINGLE (Line Drive, 8LS, EV 105.0 MPH)
|
Batting: RHB Guillermo Montiel
|
0-0: Ball 1-0: Ball 2-0: Ball 3-0: Called Strike 3-1: Base on Balls Henry Cotto to second
|
Batting: RHB Mike Gallego
|
0-0: Ball Henry Cotto steals 3rd base 1-0: Called Strike 1-1: Ball 2-1: Ball 3-1: Called Strike 3-2: Base on Balls Guillermo Montiel to second
|
Batting: RHB Steve Lombardozzi
|
0-0: Called Strike 0-1: Single, Error in OF, E7, batter to second base (Line Drive, 7S, EV 97.5 MPH) Henry Cotto scores Guillermo Montiel scores Mike Gallego to third
|
Batting: RHB Juan Blanco
|
0-0: Called Strike 0-1: Ball 1-1: Ball 2-1: Ball 3-1: Base on Balls
|
Batting: RHB Todd Demeter
|
0-0: Called Strike 0-1: SINGLE (Line Drive, 89S, EV 90.6 MPH) Mike Gallego scores Steve Lombardozzi to third Juan Blanco to second Runner from 3rd tries for Home, SAFE, throw by RF to home
|
Batting: RHB Roberto Dennis
|
0-0: Called Strike 0-1: Ball 1-1: SINGLE (Flyball, 5D, EV 89.4 MPH) Juan Blanco to third Todd Demeter to second
|
Batting: RHB Pat Dempsey
|
0-0: Grounds into fielders choice 1-2 (Groundball, 23, EV 63.1 MPH) Todd Demeter to third Roberto Dennis to second
|
Batting: RHB Hector Ordonez
|
0-0: Ball 1-0: Grounds into double play, 5-4-3 (Groundball, 56S, EV 85.6 MPH)
|
Top of the 1st over - 4 runs, 4 hits, 1 error, 2 left on base; Anderson 4 - Spartanburg 0 |
BOTTOM OF THE 1ST |
Spartanburg Spartans batting - Pitching for Anderson Rebels : LHP Louis Whetstone
|
Pitching: LHP Louis Whetstone
|
|
Batting: SHB Michael Vanderburg
|
0-0: Foul Ball, location: 2F 0-1: Ball 1-1: SINGLE (Groundball, 6M, EV 87.5 MPH) (infield hit)
|
Batting: RHB Van Sowards
|
0-0: Ball 1-0: Ball 2-0: Fly out, F7 (Line Drive, 7D, EV 93.1 MPH)
|
Batting: RHB Gib Seibert
|
0-0: Called Strike 0-1: Called Strike 0-2: Ball 1-2: Strikes out looking
|
Batting: RHB Dan Boever
|
0-0: Called Strike 0-1: Ball 1-1: Called Strike 1-2: Foul Ball, location: 2F 1-2: Foul Ball, location: 2F 1-2: DOUBLE (Line Drive, 78M, EV 101.3 MPH) Michael Vanderburg to third Michael Vanderburg scores
|
Batting: RHB Ron Dillard
|
0-0: Foul Ball, location: 2F 0-1: Foul Ball, location: 2F 0-2: Foul Ball, location: 2F 0-2: Foul Ball, location: 2F 0-2: Strikes out looking
|
Bottom of the 1st over - 1 run, 2 hits, 0 errors, 1 left on base; Anderson 4 - Spartanburg 1 |
TOP OF THE 2ND |
Anderson Rebels batting - Pitching for Spartanburg Spartans : LHP Michael Bungarz
|
Batting: RHB Henry Cotto
|
0-0: Called Strike 0-1: Fly out, F9 (Flyball, 9LD, EV 98.8 MPH)
|
Batting: RHB Guillermo Montiel
|
0-0: Called Strike 0-1: Ball 1-1: Called Strike 1-2: Ground out 5-3 (Groundball, 5S, EV 84.4 MPH)
|
Batting: RHB Mike Gallego
|
0-0: Ball 1-0: Ball 2-0: Ball 3-0: Base on Balls
|
Batting: RHB Steve Lombardozzi
|
0-0: Called Strike 0-1: Foul Ball, location: 2F 0-2: Ball 1-2: Ball 2-2: Ball 3-2: Foul Ball, location: 2F 3-2: Foul Ball, location: 2F 3-2: 2-RUN HOME RUN (Flyball, 78XD, EV 98.8 MPH), Distance : 412 ft
|
Batting: RHB Juan Blanco
|
0-0: Ball 1-0: Ball 2-0: Called Strike 2-1: Called Strike 2-2: Fly out, F8 (Line Drive, 8RM, EV 87.5 MPH)
|
Top of the 2nd over - 2 runs, 1 hit, 0 errors, 0 left on base; Anderson 6 - Spartanburg 1 |
BOTTOM OF THE 2ND |
Spartanburg Spartans batting - Pitching for Anderson Rebels : LHP Louis Whetstone
|
Batting: RHB Rigo Rodriguez
|
0-0: Called Strike 0-1: Ball 1-1: Ball 2-1: Foul Ball, location: 2F 2-2: Strikes out swinging
|
Batting: RHB Robin Dreizler
|
0-0: Ball 1-0: Called Strike 1-1: Swinging Strike 1-2: Ground out 6-3 (Groundball, 6, EV 85.0 MPH)
|
Batting: LHB Ross Kingsley
|
0-0: Called Strike 0-1: Ball 1-1: Foul Ball, location: 2F 1-2: Fly out, F8 (Line Drive, 8RM, EV 94.4 MPH)
|
Bottom of the 2nd over - 0 runs, 0 hits, 0 errors, 0 left on base; Anderson 6 - Spartanburg 1 |
TOP OF THE 3RD |
Anderson Rebels batting - Pitching for Spartanburg Spartans : LHP Michael Bungarz
|
Batting: RHB Todd Demeter
|
0-0: Ball 1-0: Ball 2-0: Ball 3-0: Foul Ball, location: 2F 3-1: Foul Ball, location: 2F 3-2: Foul Ball, location: 2F 3-2: Strikes out swinging
|
Batting: RHB Roberto Dennis
|
0-0: Ball 1-0: Swinging Strike 1-1: DOUBLE (Flyball, 8LXD, EV 100.0 MPH)
|
Batting: RHB Pat Dempsey
|
0-0: Ball 1-0: Ball 2-0: Foul Ball, location: 2F 2-1: Fly out, F7 (Flyball, 7LM, EV 81.9 MPH)
|
Batting: RHB Hector Ordonez
|
0-0: Ball 1-0: Ball 2-0: SINGLE (Groundball, 34D, EV 98.1 MPH) Roberto Dennis to third Runner from 3rd tries for Home, SAFE, throw by RF to home
|
Batting: RHB Henry Cotto
|
0-0: Ball 1-0: Called Strike 1-1: Foul Ball, location: 2F 1-2: SINGLE (Flyball, 9S, EV 92.5 MPH) Hector Ordonez to second Runner from 2nd tries for 3rd, SAFE, no throw by RF
|
Batting: RHB Guillermo Montiel
|
0-0: Ball 1-0: Ball 2-0: Swinging Strike 2-1: DOUBLE (Groundball, 5L, EV 103.8 MPH) Hector Ordonez scores Henry Cotto to third Runner from 3rd tries for Home, SAFE, throw by LF to home
|
Pitching: LHP Nick Fiorillo
|
|
Batting: RHB Mike Gallego
|
0-0: Ball 1-0: Called Strike 1-1: Ball 2-1: Ball 3-1: Called Strike 3-2: Foul Ball, location: 2F 3-2: Base on Balls
|
Batting: RHB Steve Lombardozzi
|
0-0: Foul Ball, location: 2F 0-1: Ball 1-1: Ball 2-1: Ball 3-1: Base on Balls Guillermo Montiel to third Mike Gallego to second
|
Batting: RHB Juan Blanco
|
0-0: Called Strike 0-1: Ball 1-1: Foul Ball, location: 2F 1-2: Strikes out looking
|
Top of the 3rd over - 3 runs, 4 hits, 0 errors, 3 left on base; Anderson 9 - Spartanburg 1 |
BOTTOM OF THE 3RD |
Spartanburg Spartans batting - Pitching for Anderson Rebels : LHP Louis Whetstone
|
Batting: LHB Albert Ortiz
|
0-0: Ball 1-0: Ground out 4-3 (Groundball, 4M, EV 98.1 MPH)
|
Batting: SHB Michael Vanderburg
|
0-0: Ball 1-0: Swinging Strike 1-1: Ball 2-1: Swinging Strike 2-2: Strikes out swinging
|
Batting: RHB Van Sowards
|
0-0: Ground out 6-3 (Groundball, 56, EV 103.1 MPH)
|
Bottom of the 3rd over - 0 runs, 0 hits, 0 errors, 0 left on base; Anderson 9 - Spartanburg 1 |
TOP OF THE 4TH |
Anderson Rebels batting - Pitching for Spartanburg Spartans : LHP Nick Fiorillo
|
Batting: RHB Todd Demeter
|
0-0: Called Strike 0-1: Ball 1-1: Fly out, F8 (Flyball, 89D, EV 96.9 MPH)
|
Batting: RHB Roberto Dennis
|
0-0: Fly out, F9 (Line Drive, 9D, EV 105.0 MPH)
|
Batting: RHB Pat Dempsey
|
0-0: SINGLE (Line Drive, 56D, EV 98.8 MPH)
|
Batting: RHB Hector Ordonez
|
0-0: SINGLE (Line Drive, 89M, EV 97.5 MPH) Pat Dempsey to second
|
Batting: RHB Henry Cotto
|
0-0: Called Strike 0-1: Ball 1-1: Reached on error, E5 (Groundball, 56, EV 91.9 MPH) Pat Dempsey to third Hector Ordonez to second
|
Batting: RHB Guillermo Montiel
|
0-0: Foul Ball, location: 2F 0-1: Fly out, F8 (Flyball, 89D, EV 86.9 MPH)
|
Top of the 4th over - 0 runs, 2 hits, 1 error, 3 left on base; Anderson 9 - Spartanburg 1 |
BOTTOM OF THE 4TH |
Spartanburg Spartans batting - Pitching for Anderson Rebels : LHP Louis Whetstone
|
Batting: RHB Gib Seibert
|
0-0: Ball 1-0: Ball 2-0: Called Strike 2-1: Called Strike 2-2: Foul Ball, location: 2F 2-2: Foul Ball, location: 2F 2-2: Ball 3-2: Foul Ball, location: 2F 3-2: Foul Ball, location: 2F 3-2: Foul Ball, location: 2F 3-2: Foul Ball, location: 2F 3-2: Fly out, F9 (Flyball, 9D, EV 94.4 MPH)
|
Batting: RHB Dan Boever
|
0-0: Called Strike 0-1: Ground out 6-3 (Groundball, 56D, EV 88.1 MPH)
|
Batting: RHB Ron Dillard
|
0-0: Ball 1-0: Ground out 5-3 (Groundball, 56, EV 92.5 MPH)
|
Bottom of the 4th over - 0 runs, 0 hits, 0 errors, 0 left on base; Anderson 9 - Spartanburg 1 |
TOP OF THE 5TH |
Anderson Rebels batting - Pitching for Spartanburg Spartans : LHP Nick Fiorillo
|
Batting: RHB Mike Gallego
|
0-0: Called Strike 0-1: Foul Ball, location: 2F 0-2: Ball 1-2: Foul Ball, location: 2F 1-2: Ball 2-2: Ball 3-2: SINGLE (Line Drive, 78S, EV 92.5 MPH)
|
Batting: RHB Steve Lombardozzi
|
0-0: SINGLE (Groundball, 56D, EV 111.3 MPH) Mike Gallego to second
|
Batting: RHB Juan Blanco
|
0-0: Ball 1-0: Called Strike 1-1: Ball 2-1: Foul Ball, location: 2F 2-2: Fly out, F3 (Popup, 23F, EV 81.9 MPH)
|
Batting: RHB Todd Demeter
|
0-0: Ball 1-0: Foul Ball, location: 2F 1-1: Called Strike 1-2: Fly out, F8 (Flyball, 8RXD, EV 105.6 MPH)
|
Batting: RHB Roberto Dennis
|
0-0: Ball 1-0: SINGLE (Groundball, 56D, EV 101.9 MPH) Mike Gallego to third Steve Lombardozzi to second Runner from 3rd tries for Home, SAFE, throw by LF to home
|
Batting: RHB Pat Dempsey
|
0-0: Ball 1-0: Ball 2-0: Ball 3-0: Base on Balls Steve Lombardozzi to third Roberto Dennis to second
|
Batting: RHB Hector Ordonez
|
0-0: Called Strike 0-1: DOUBLE (Flyball, 78XD, EV 107.5 MPH) Steve Lombardozzi scores Roberto Dennis scores Pat Dempsey to third Runner from 3rd tries for Home, SAFE, throw by LF to home
|
Batting: RHB Henry Cotto
|
0-0: Called Strike 0-1: Foul Ball, location: 2F 0-2: Ball 1-2: Fly out, F4 (Popup, 23, EV 83.1 MPH)
|
Top of the 5th over - 4 runs, 4 hits, 0 errors, 1 left on base; Anderson 13 - Spartanburg 1 |
BOTTOM OF THE 5TH |
Spartanburg Spartans batting - Pitching for Anderson Rebels : LHP Louis Whetstone
|
Batting: RHB Rigo Rodriguez
|
0-0: Swinging Strike 0-1: Called Strike 0-2: Strikes out swinging
|
Batting: RHB Robin Dreizler
|
0-0: Ball 1-0: Called Strike 1-1: Ball 2-1: Foul Ball, location: 2F 2-2: Ground out 6-3 (Groundball, 6, EV 90.0 MPH)
|
Batting: LHB Ross Kingsley
|
0-0: Ground out U3 (Groundball, 3, EV 90.0 MPH)
|
Bottom of the 5th over - 0 runs, 0 hits, 0 errors, 0 left on base; Anderson 13 - Spartanburg 1 |
TOP OF THE 6TH |
Anderson Rebels batting - Pitching for Spartanburg Spartans : LHP Nick Fiorillo
|
Batting: RHB Guillermo Montiel
|
0-0: Ball 1-0: Ground out U3 (Groundball, 34, EV 82.5 MPH)
|
Batting: RHB Mike Gallego
|
0-0: Ball 1-0: Foul Ball, location: 2F 1-1: Ball 2-1: Ball 3-1: Base on Balls
|
Batting: RHB Steve Lombardozzi
|
0-0: Ball 1-0: Swinging Strike 1-1: Foul Ball, location: 2F 1-2: DOUBLE (Line Drive, 7LS, EV 114.4 MPH) Mike Gallego to third
|
Batting: RHB Juan Blanco
|
0-0: Swinging Strike 0-1: Called Strike 0-2: Foul Ball, location: 2F 0-2: Ground out U3 (Groundball, 3L, EV 89.4 MPH)
|
Batting: RHB Todd Demeter
|
0-0: Ball 1-0: Ball 2-0: Ball 3-0: Base on Balls
|
Batting: RHB Roberto Dennis
|
0-0: Called Strike 0-1: Ground out 4-3 (Groundball, 4S, EV 83.8 MPH)
|
Top of the 6th over - 0 runs, 1 hit, 0 errors, 3 left on base; Anderson 13 - Spartanburg 1 |
BOTTOM OF THE 6TH |
Spartanburg Spartans batting - Pitching for Anderson Rebels : LHP Louis Whetstone
|
Batting: LHB Albert Ortiz
|
0-0: Ball 1-0: SINGLE (Groundball, 6MD, EV 105.6 MPH)
|
Batting: SHB Michael Vanderburg
|
0-0: Fly out, F8 (Line Drive, 8LD, EV 104.4 MPH)
|
Batting: RHB Van Sowards
|
0-0: Ball 1-0: Foul Ball, location: 2F 1-1: SINGLE (Groundball, 56D, EV 100.0 MPH) Albert Ortiz to second
|
Batting: RHB Gib Seibert
|
0-0: Ball 1-0: Called Strike 1-1: Swinging Strike 1-2: Strikes out swinging
|
Batting: RHB Dan Boever
|
0-0: Ground out U3 (Groundball, 34S, EV 70.6 MPH)
|
Bottom of the 6th over - 0 runs, 2 hits, 0 errors, 2 left on base; Anderson 13 - Spartanburg 1 |
TOP OF THE 7TH |
Anderson Rebels batting - Pitching for Spartanburg Spartans : LHP Nick Fiorillo
|
Batting: RHB Pat Dempsey
|
0-0: Ball 1-0: Ball 2-0: Called Strike 2-1: Ball 3-1: Called Strike 3-2: SINGLE (Groundball, 34D, EV 94.4 MPH)
|
Batting: RHB Hector Ordonez
|
0-0: Ball 1-0: Ball 2-0: Grounds into double play, 6-4-3 (Groundball, 6, EV 86.9 MPH)
|
Batting: RHB Henry Cotto
|
0-0: SINGLE (Groundball, 34D, EV 100.6 MPH)
|
Pinch Hitting: RHB James Christensen
|
0-0: Foul Ball, location: 2F 0-1: Foul Ball, location: 2F 0-2: Ball 1-2: Fly out, F4 (Popup, 4M, EV 58.8 MPH)
|
Top of the 7th over - 0 runs, 2 hits, 0 errors, 1 left on base; Anderson 13 - Spartanburg 1 |
BOTTOM OF THE 7TH |
Spartanburg Spartans batting - Pitching for Anderson Rebels : LHP Louis Whetstone
|
Now at 2B: James Christensen
|
|
Batting: RHB Ron Dillard
|
0-0: Ball 1-0: Ground out 4-3 (Groundball, 4, EV 81.3 MPH)
|
Batting: RHB Rigo Rodriguez
|
0-0: Ball 1-0: Ball 2-0: Called Strike 2-1: Foul Ball, location: 2F 2-2: Ground out 6-3 (Groundball, 6MD, EV 87.5 MPH)
|
Batting: RHB Robin Dreizler
|
0-0: Called Strike 0-1: Ball 1-1: Fly out, F9 (Flyball, 89XD, EV 102.5 MPH)
|
Bottom of the 7th over - 0 runs, 0 hits, 0 errors, 0 left on base; Anderson 13 - Spartanburg 1 |
TOP OF THE 8TH |
Anderson Rebels batting - Pitching for Spartanburg Spartans : LHP Nick Fiorillo
|
Pitching: RHP Philip Belmonte
|
|
Batting: RHB Mike Gallego
|
0-0: Fly out, F3 (Popup, 3SF, EV 62.5 MPH)
|
Batting: RHB Steve Lombardozzi
|
0-0: Ball 1-0: Foul Ball, location: 2F 1-1: Called Strike 1-2: Ball 2-2: Foul Ball, location: 2F 2-2: Ball 3-2: Base on Balls
|
Batting: RHB Juan Blanco
|
0-0: Foul Ball, location: 2F 0-1: Foul Ball, location: 2F 0-2: Ball 1-2: Strikes out swinging
|
Pinch Hitting: RHB Kyle Hawthorne
|
0-0: Called Strike 0-1: Ball 1-1: 2-RUN HOME RUN (Flyball, 89XD, EV 103.8 MPH), Distance : 401 ft
|
Batting: RHB Roberto Dennis
|
0-0: Called Strike 0-1: Ball 1-1: Swinging Strike 1-2: Ball 2-2: Fly out, F7 (Flyball, 7, EV 85.6 MPH)
|
Top of the 8th over - 2 runs, 1 hit, 0 errors, 0 left on base; Anderson 15 - Spartanburg 1 |
BOTTOM OF THE 8TH |
Spartanburg Spartans batting - Pitching for Anderson Rebels : LHP Louis Whetstone
|
Now at 1B: Kyle Hawthorne
|
|
Batting: LHB Ross Kingsley
|
0-0: Called Strike 0-1: Fly out, F9 (Flyball, 9LS, EV 90.0 MPH)
|
Batting: LHB Albert Ortiz
|
0-0: Called Strike 0-1: Called Strike 0-2: Ball 1-2: Fly out, F4 (Flyball, 4D, EV 85.0 MPH)
|
Batting: SHB Michael Vanderburg
|
0-0: Ball 1-0: Foul Ball, location: 2F 1-1: Ball 2-1: Ball 3-1: Base on Balls
|
Batting: RHB Van Sowards
|
0-0: Ball 1-0: Fly out, F7 (Line Drive, 7, EV 91.9 MPH)
|
Bottom of the 8th over - 0 runs, 0 hits, 0 errors, 1 left on base; Anderson 15 - Spartanburg 1 |
TOP OF THE 9TH |
Anderson Rebels batting - Pitching for Spartanburg Spartans : RHP Philip Belmonte
|
Batting: RHB Pat Dempsey
|
0-0: SINGLE (Groundball, 4MD, EV 101.3 MPH)
|
Batting: RHB Hector Ordonez
|
0-0: Ball 1-0: Ball 2-0: Ball 3-0: Base on Balls Pat Dempsey to second
|
Batting: RHB Henry Cotto
|
0-0: Fly out, F7 (Flyball, 7D, EV 88.8 MPH) Runner from 2nd tags up, SAFE at 3rd, no throw by LF
|
Batting: RHB James Christensen
|
0-0: Ball 1-0: Fly out, F9 (Flyball, 9D, EV 95.6 MPH) Runner from 3rd tags up, SCORES, no throw by RF
|
Batting: RHB Mike Gallego
|
0-0: Fly out, F9 (Flyball, 9S, EV 85.6 MPH)
|
Top of the 9th over - 1 run, 1 hit, 0 errors, 1 left on base; Anderson 16 - Spartanburg 1 |
BOTTOM OF THE 9TH |
Spartanburg Spartans batting - Pitching for Anderson Rebels : LHP Louis Whetstone
|
Pinch Hitting: RHB Jeff Martin
|
0-0: Foul Ball, location: 2F 0-1: Called Strike 0-2: Strikes out swinging
|
Batting: RHB Dan Boever
|
0-0: Called Strike 0-1: Ball 1-1: Ball 2-1: Ball 3-1: Swinging Strike 3-2: SINGLE (Groundball, 56D, EV 96.9 MPH)
|
Batting: RHB Ron Dillard
|
0-0: Swinging Strike 0-1: Foul Ball, location: 2F 0-2: Ball 1-2: Fly out, F7 (Flyball, 7LS, EV 87.5 MPH)
|
Batting: RHB Rigo Rodriguez
|
0-0: Fly out, F8 (Flyball, 8RS, EV 85.6 MPH)
|
Bottom of the 9th over - 0 runs, 1 hit, 0 errors, 1 left on base; Anderson 16 - Spartanburg 1 |
|